 Dungeon Crawl Stone Soup version 0.30-a0-627-gc11e7ae810 (webtiles) character file.

Game seed: 6537079699536303795

16944 Citaku the Severer (level 12, -7/107 HPs)
             Began as a Minotaur Fighter on Jan 12, 2023.
             Was an Initiate of Gozag.
             Blown up by an eye of devastation (39 damage)
             ... with a bolt of energy
             ... on level 1 of the Abyss.
             The game lasted 00:28:32 (12600 turns).

Citaku the Severer (Minotaur Fighter)              Turns: 12600, Time: 00:28:33

Health: -7/107     AC: 18    Str: 25    XL:     12   Next: 14%
Magic:  11/11      EV:  8    Int:  5    God:    Gozag
Gold:   1367       SH: 19    Dex: 11    Spells: 11/11 levels left

rFire   + + +      SeeInvis .    x - +4 hand axe (vamp)
rCold   + . .      Faith    .    g - +2 tower shield
rNeg    . . .      Spirit   .    l - +2 ring mail {Will+}
rPois   +          Reflect  .    (helmet restricted)
rElec   .          Harm     +    q - +2 cloak
rCorr   +          Rampage  .    A - +2 pair of gloves of the Disbelieving Gods {-Cast Harm rF+++ rC+}
Will    +....      NoCast   +    n - +0 pair of boots
Stlth   +                        (no amulet)
HPRegen 0.37/turn                p - ring of resist corrosion
MPRegen 0.12/turn                E - ring of poison resistance

@: studying Axes
A: horns 2, retaliatory headbutt
a: Renounce Religion, Potion Petition, Call Merchant, Bribe Branch


You were on level 1 of the Abyss.
You worshipped Gozag.
Gozag was most pleased with you.
You visited 2 branches of the dungeon, and saw 12 of its levels.
You visited the Abyss 1 time.

You collected 2805 gold pieces.
You spent 1365 gold pieces at shops.
You paid 73 gold pieces to Gozag.

Inventory:

Hand Weapons
 x - a +4 vampiric hand axe (weapon)
Armour
 g - a +2 tower shield (worn)
 l - a +2 ring mail of willpower (worn)
 n - a +0 pair of boots (worn)
 q - a +2 cloak (worn)
 A - the +2 pair of gloves of the Disbelieving Gods (worn) {-Cast Harm rF+++ rC+}
   (You found it on level 9 of the Dungeon)

   rF:        It renders you almost immune to fire.
   rC:        It protects you from cold.
   -Cast:     It prevents spellcasting.
   Harm:      It increases damage dealt and taken.
Jewellery
 d - a ring of positive energy
 p - a ring of resist corrosion (left hand)
 E - a ring of poison resistance (right hand)
Wands
 j - a wand of roots (5)
 r - a wand of paralysis (8)
Scrolls
 e - a scroll of enchant weapon
 f - 2 scrolls of poison
 h - 6 scrolls of teleportation
 m - a scroll of identify
 o - 2 scrolls of amnesia
 u - 3 scrolls of blinking
 w - a scroll of magic mapping
Potions
 a - 3 potions of flight
 c - 2 potions of mutation
 i - 6 potions of curing
 k - a potion of magic
 s - a potion of invisibility
Miscellaneous
 t - a piece from Xom's chessboard (15/15)


   Skills:
 + Level 10.4 Fighting
 * Level 15.3 Axes
 * Level 11.4 Armour
 * Level 13.8 Shields


You had 11 spell levels left.
You didn't know any spells.
Your spell library contained the following spells:

 Spells                   Type           Power      Damage    Failure   Level
 Magic Dart               Conj           0%         1d3       97%         1
 Call Imp                 Summ           0%         N/A       99%         2
 Cigotuvi's Dreadful Rot  Necr/Pois/Air  0%         N/A       99%         2
 Poisonous Vapours        Pois/Air       0%         N/A       99%         2
 Mephitic Cloud           Conj/Pois/Air  0%         N/A       100%        3
 Airstrike                Air            0%         2d(0-16)  100%        4
 Summon Lightning Spire   Summ/Air       0%         N/A       100%        4
 Lightning Bolt           Conj/Air       0%         1d11      100%        5


Dungeon Overview and Level Annotations

Branches:
Dungeon (11/15)            Temple (1/1) D:4            Lair (0/5) D:8
    Orc (0/2) D:9

Altars:
Ashenzari
Cheibriados
Dithmenos
Elyvilon
Fedhas
Gozag
Hepliaklqana
Kikubaaqudgha
Makhleb
Nemelex Xobeh
Okawaru
Qazlal
Ru
Sif Muna
Trog
Uskayaw
Vehumet
Wu Jian
Xom
Yredelemnul
Zin
The Shining One

Shops:
D:5 :   D:6 !

Annotations:
D:11 Erolcha, Sonja


Innate Abilities, Weirdness & Mutations

You have a pair of horns on your head.
You reflexively headbutt those who attack you in melee.


Message History

* * * LOW HITPOINT WARNING * * *
Okay, then.
Blink to where?
Press: ? - help, Dir - move target
As you read the scroll of blinking, it crumbles to dust.
You feel better.
You feel better.
You block the large abomination's attack.
You feel better.
You block the large abomination's attack.
You slash the large abomination!
Your headbutt misses the large abomination.
The large abomination is severely damaged.
You block the large abomination's attack.
You barely miss the large abomination.
The large abomination is severely damaged.
The large abomination hits you!
* * * LOW HITPOINT WARNING * * *
You slash the large abomination!
Your headbutt misses the large abomination.
The large abomination is almost destroyed.
You block the large abomination's attack.
You hit the large abomination.
The large abomination is almost destroyed.
You block the large abomination's attack.
You closely miss the large abomination.
The large abomination is almost destroyed.
You block the large abomination's attack.
You hit the large abomination but do no damage.
You headbutt the large abomination.
You destroy the large abomination!
You now have 1367 gold pieces (gained 16).
You start resting.
An eye of devastation comes into view.
An eye of devastation is nearby!
The eye of devastation turns its gaze towards you.
An eye of devastation is nearby!
The eye of devastation gazes at you. The bolt of energy hits you!!
You die...

.#. . .
##. #.
# . #
### #.
..#
#..##
.# .$.$
#
#.####
. #@..#
#
#..##.#
#..#..
# #G#
.## .#
.# . ##
###..
##. .
#. . .
# # . #
. ... .
##. .
.. #∩
... . #


You could see an eye of devastation.

Vanquished Creatures
  Snorg (D:10)
  3 two-headed ogres
  A large abomination (Abyss:1)
  Pikel (D:6)
  2 cyclopes
  A manticore (D:8)
  Maurice (D:11)
  A gargoyle (D:7)
  Maggie (D:6)
  A troll (D:8)
  3 raiju (Abyss:1)
  A shadow (D:8)
  2 wraiths
  21 yaks
  2 wyverns
  3 steam dragons
  Edmund (D:6)
  4 water moccasins
  An acid dragon (D:10)
  8 orc warriors
  An ice beast (D:7)
  2 black bears
  2 sky beasts (D:7)
  2 wolves (D:8)
  4 ogres
  6 centaurs
  A phantom (D:6)
  2 kobold brigands
  8 bullfrogs
  7 scorpions
  2 necrophages (D:4)
  2 wights (D:8)
  20 killer bees
  5 howler monkeys
  An electric eel (D:9)
  2 jellies
  2 gnoll boudas
  Crazy Yiuf (D:2)
  10 hounds
  8 orc priests
  4 iguanas
  8 orc wizards
  Robin (D:2)
  24 gnolls
  10 adders
  2 river rats (D:4)
  A shadow imp (D:5)
  3 white imps
  A worm (D:2)
  7 dart slugs
  48 orcs
  7 ball pythons
  4 endoplasms
  A giant cockroach (D:4)
  11 goblins
  6 hobgoblins
  11 jackals
  15 kobolds
  10 quokkas
  8 bats
  2 frilled lizards (D:1)
  7 rats
  2 butterflies (D:9)
340 creatures vanquished.

Vanquished Creatures (others)
  A wizard (D:10)
1 creature vanquished.

Grand Total: 341 creatures vanquished

Notes
Turn   | Place    | Note
-------+----------+-------------------------------------------
     0 | D:1      | Citaku the Minotaur Fighter began the quest for the Orb.
     0 | D:1      | Reached XP level 1. HP: 19/19 MP: 0/0
   184 | D:1      | Reached XP level 2. HP: 27/27 MP: 1/1
   191 | D:1      | Reached skill level 3 in Axes
   617 | D:2      | Reached XP level 3. HP: 33/33 MP: 2/2
   995 | D:2      | Noticed Robin
  1006 | D:2      | Killed Robin
  1009 | D:2      | Reached XP level 4. HP: 32/40 MP: 3/3
  1197 | D:2      | Found a runed translucent door.
  1198 | D:2      | Noticed Crazy Yiuf
  1203 | D:2      | Killed Crazy Yiuf
  1204 | D:2      | Reached skill level 4 in Axes
  1405 | D:3      | Found an ornate altar of the Wu Jian Council.
  1511 | D:3      | Reached XP level 5. HP: 27/47 MP: 4/4
  2238 | D:4      | Reached skill level 5 in Shields
  2330 | D:4      | Reached skill level 5 in Axes
  2330 | D:4      | Reached XP level 6. HP: 12/55 MP: 5/5
  2556 | D:4      | Reached skill level 5 in Fighting
  2566 | D:4      | Found a staircase to the Ecumenical Temple.
  2602 | D:4      | Reached skill level 5 in Armour
  2615 | Temple   | Entered the Ecumenical Temple
  2640 | Temple   | Became a worshipper of Gozag Ym Sagoz the Greedy
  3065 | D:4      | Reached XP level 7. HP: 21/61 MP: 6/6
  3309 | D:4      | Reached skill level 6 in Axes
  3710 | D:5      | Entered Level 5 of the Dungeon
  3710 | D:5      | Found Wudyxu's Self-Improvement Boutique.
  4030 | D:5      | Found a hide-covered altar of Uskayaw.
  4156 | D:5      | Reached XP level 8. HP: 68/70 MP: 7/7
  4182 | D:5      | Reached skill level 7 in Axes
  5013 | D:6      | Reached skill level 8 in Axes
  5039 | D:6      | Noticed Edmund
  5053 | D:6      | Killed Edmund
  5237 | D:6      | Found a burning altar of Makhleb.
  5237 | D:6      | Noticed a cacodemon
  5313 | D:6      | Found Pecarixuog's Distillery.
  5405 | D:6      | Bought a potion of curing for 39 gold pieces
  5405 | D:6      | Bought a potion of heal wounds for 65 gold pieces
  5405 | D:6      | Bought a potion of curing for 39 gold pieces
  5405 | D:6      | Bought a potion of curing for 39 gold pieces
  5405 | D:6      | Bought 2 potions of might for 104 gold pieces
  5405 | D:6      | Bought a potion of curing for 39 gold pieces
  5673 | D:6      | Noticed Pikel
  5682 | D:6      | Killed Pikel
  5683 | D:6      | Reached skill level 9 in Axes
  5683 | D:6      | Reached XP level 9. HP: 73/79 MP: 8/8
  5876 | D:6      | Noticed Maggie
  5892 | D:6      | Killed Maggie
  6078 | D:7      | Reached skill level 10 in Shields
  6085 | D:7      | Reached skill level 10 in Axes
  6103 | D:7      | Reached XP level 10. HP: 51/88 MP: 9/9
  6695 | D:7      | Reached skill level 11 in Axes
  6697 | D:7      | Noticed a gargoyle
  6709 | D:7      | Killed a gargoyle
  7322 | D:8      | Found a staircase to the Lair.
  7951 | D:5      | Bought a manual of Axes for 1040 gold pieces
  8052 | D:8      | Reached skill level 12 in Axes
  8267 | D:8      | Reached XP level 11. HP: 57/97 MP: 10/10
  8811 | D:8      | Found a radiant altar of Vehumet.
  9550 | D:9      | Found a shimmering altar of Xom.
  9553 | D:9      | Found an ancient bone altar of Kikubaaqudgha.
  9703 | D:9      | Identified the +4 rapier of Checks and Balances {heavy,
                  | +Blink Str+4}
  9728 | D:9      | Noticed a two-headed ogre
  9745 | D:9      | Killed a two-headed ogre
  9892 | D:9      | Identified the +2 pair of gloves of the Disbelieving Gods
                  | {-Cast Harm rF+++ rC+}
  9945 | D:9      | Reached skill level 13 in Axes
 10275 | D:9      | Found a staircase to the Orcish Mines.
 10641 | D:9      | Found a stormy altar of Qazlal.
 10652 | D:9      | Reached skill level 10 in Armour
 10924 | D:9      | Found a white marble altar of Elyvilon.
 10933 | D:9      | Found a basalt altar of Yredelemnul.
 11095 | D:9      | Found a snail-covered altar of Cheibriados.
 11122 | D:10     | Entered Level 10 of the Dungeon
 11143 | D:10     | Noticed Snorg
 11158 | D:10     | Killed Snorg
 11209 | D:10     | Found a shadowy altar of Dithmenos.
 11230 | D:10     | Found a glowing silver altar of Zin.
 11230 | D:10     | Identified the +1 leather armour of Daur {rPois rC+ Str+4}
 11241 | D:10     | Noticed a two-headed ogre
 11256 | D:10     | Killed a two-headed ogre
 11257 | D:10     | Reached skill level 14 in Axes
 11326 | D:10     | Found a bloodstained altar of Trog.
 11331 | D:10     | Noticed a wizard
 11336 | D:10     | Killed a wizard
 11411 | D:10     | Found a blossoming altar of Fedhas.
 11581 | D:10     | Reached skill level 10 in Fighting
 11760 | D:11     | Noticed Maurice
 11795 | D:11     | Killed Maurice
 12137 | D:11     | Noticed a two-headed ogre
 12145 | D:11     | Killed a two-headed ogre
 12152 | D:11     | Reached skill level 15 in Axes
 12152 | D:11     | Reached XP level 12. HP: 96/106 MP: 11/11
 12223 | D:11     | Noticed Sonja
 12426 | D:11     | Noticed Erolcha
 12430 | Abyss:1  | Cast into level 1 of the Abyss (Erolcha)
 12554 | Abyss:1  | HP: 2/107 [large abomination (16)]
 12600 | Abyss:1  | Blown up by an eye of devastation

Illustrated notes

Levels and vault maps discovered:
D:1:      minmay_arrival_nine_rooms, layout_rooms
D:2:      layout_loops_cross, uniq_crazy_yiuf_cottage, uniq_robin
D:3:      layout_loops_corners, nzn_wu_jian_contemplation
D:4:      layout_basic, temple_fountains, gup_sewer_entry_spiral,
          nicolae_concentric_dashed_squares_mild, kennysheep_generic_room_13
D:5:      minmay_chambers_of_threes, layout_rooms,
          eat_drink_and_be_merry_uskayaw, serial_glass, glass_columns_c,
          glass_columns_b, kennysheep_decorative_pillar, nicolae_shop_self_help
D:6:      layout_gridville, makhleb_altar_promises_db, serial_shops, shop,
          uniq_edmund, uniq_maggie, uniq_pikel
D:7:      minmay_s_stair_smasher, layout_cave_pools
D:8:      layout_cave_pools, nicolae_vehumet_altar_sigil, erik_lair_island
D:9:      layout_long_grid, kennysheep_little_box, xom_butterflies,
          nicolae_overflow_quartered_altars, erik_orc_2, minivault_10
D:10:     layout_roguey, trog_wizard, mainiacjoe_overflow_large_starburst,
          mainiacjoe_overflow_catwalk, uniq_snorg
D:11:     layout_long_grid, kennysheep_slug_shrine, uniq_erolcha, uniq_grum,
          uniq_maurice, uniq_sonja
Temple:   nicolae_temple_ecumenical_triangle
Abyss:1:  base:
D:6

Skill      XL: |  1  2  3  4  5  6  7  8  9 10 11 |
---------------+----------------------------------+-----
Axes           | 3 4 5 6 9 10 12 15 | 15.3
Fighting       | 4 5 7 8 9 10 | 10.4
Shields        | 4 5 6 7 9 10 12 13 | 13.8
Armour         | 4 5 6 7 9 11 | 11.4

Action                   |  1- 3 |  4- 6 |  7- 9 | 10-12 || total
-------------------------+-------+-------+-------+-------++-------
Melee: War axe           |    81 |    46 |       |       ||   127
       Headbutt          |     4 |    13 |    53 |    92 ||   162
       Hand axe          |       |    51 |   276 |   474 ||   801
Evoke: Piece from Xom's  |       |       |       |     1 ||     1
  Use: Potion            |       |     2 |     7 |    11 ||    20
       Scroll            |       |       |    16 |    10 ||    26
 Stab: Distracted        |       |       |     1 |     3 ||     4
Armor: Scale mail        |    55 |    45 |   126 |       ||   226
       Ring mail         |       |       |       |   140 ||   140
Dodge: Dodged            |    40 |    34 |    57 |   128 ||   259
Block: Tower shield      |    88 |    90 |   243 |   504 ||   925

Table legend: (Time is in decaauts)
 A = Elapsed time spent in this place.
 B = Non-inter-level travel time spent in this place.
 C = Inter-level travel time spent in this place.
 D = Time resting spent in this place.
 E = Time spent auto-exploring this place.
 F = Levels seen in this place.
 G = Mean time per level.
                   A        B        C        D        E       F      G
               +--------+--------+--------+--------+--------+-----+--------+
         Total |  12782 |  12431 |    351 |   1644 |   6803 |  13 |  983.2 |
       Dungeon |  12549 |  12198 |    351 |   1612 |   6715 |  11 | 1140.8 |
        Temple |     67 |     67 |      0 |      0 |     19 |   1 |   67.0 |
         Abyss |    164 |    164 |      0 |     32 |     69 |   1 |  164.0 |
               +--------+--------+--------+--------+--------+-----+--------+

Top non-repeatable levels by time:
     D:4: 1745 daAuts
     D:8: 1685 daAuts
     D:9: 1620 daAuts
     D:7: 1492 daAuts
     D:6: 1489 daAuts
     D:3: 1031 daAuts
     D:5: 879 daAuts
     D:2: 847 daAuts
    D:11: 712 daAuts
    D:10: 576 daAuts
     D:1: 468 daAuts
 Abyss:1: 164 daAuts
  Temple: 67 daAuts
